cohdb
Replays
Latest Replays
All Replays
Popular Replays
Top Player Replays
Match Explorer
How It Works
Community
CoH3 Stats
Reddit
Sign in to upload your games and track your stats! →
Sign in with Steam
Match 45752775
Unlisted
Match 45752775
Overview
Messages
Build Orders
End
Kradschützen Motorcycle Team
250 Light Carrier
Panzergrenadier Squad
Selects Battlefield Espionage Battlegroup
Panzergrenadier Squad
Panzergrenadier Squad
Selects Intel Disruption Beacon
Construct Light Support Kompanie
Fire Support Elements
Pak 38 Mechanized Group
Flakvierling Half-track
Selects Plunder
Pak 38 Anti-tank Gun Team
Selects 250/3 Funkpanzerwagen
le.IG 18 Support Gun Team
Pak 38 Anti-tank Gun Team
Selects Anti-Tank Incendiary Munitions
Basecoh3 @ Youtube
Ermac
REDFORCE
aSIIDemolitionHammer
0
0
Comments
sign in to comment!
No comments posted yet!